 Dungeon Crawl Stone Soup version 0.31-a0-859-g9dce7d3444 (webtiles) character file.

Game seed: 15611289580781822567

9 TheGamechu the Trooper (level 2, 0/24 HPs)
             Began as a Demonspawn Fighter on Oct 9, 2023.
             Slain by a quokka (3 damage)
             ... on level 1 of the Dungeon.
             The game lasted 00:00:26 (113 turns).

TheGamechu the Trooper (Demonspawn Fighter)          Turns: 113, Time: 00:00:27

Health: 0/24       AC:  6    Str: 16    XL:     2   Next: 6%
Magic:  2/2        EV:  8    Int:  9    God:
Gold:   27         SH:  4    Dex: 12    Spells: 1/1 levels left

rFire   . . .        a - +0 trident
rCold   . . .        c - +0 buckler
rNeg    . . .        b - +0 scale mail
rPois   .            (no helmet)
rElec   .            (no cloak)
rCorr   .            (no gloves)
SInv    .            (no boots)
Will    .....        (no amulet) Stlth
                     (no ring)
HPRegen 0.24/turn    (no ring)
MPRegen 0.08/turn

%: no passive effects
@: no status effects
A: foul stench 1
a: no special abilities


You were on level 1 of the Dungeon.
You visited 1 branch of the dungeon, and saw 1 of its levels.

You collected 27 gold pieces.

Inventory:

Hand Weapons
 a - a +0 trident (weapon)
Armour
 b - a +0 scale mail (worn)
 c - a +0 buckler (worn)
Potions
 d - a potion of might


   Skills:
 + Level 3.1 Fighting
 + Level 2.0 Polearms
 + Level 2.8 Armour
 + Level 2.8 Shields


You had one spell level left.
You didn't know any spells.
Your spell library was empty.

Dungeon Overview and Level Annotations

Branches:
Dungeon (1/15)

Altars:


Innate Abilities, Weirdness & Mutations

You may rarely emit foul miasma when damaged in melee.


Message History

The quokka bites you but does no damage.
You barely miss the quokka. The quokka bites you. x2
You miss the quokka. The quokka bites you.
You hit the goblin but do no damage. The quokka barely misses you.
The goblin hits you but does no damage. The quokka bites you.
The goblin closely misses you.
You barely miss the goblin. The quokka barely misses you.
The goblin hits you with a +0 club. The rat barely misses you.
You completely miss the goblin. The quokka closely misses you.
The goblin hits you with a +0 club. The rat bites you.
You block the quokka's attack.
You are too injured to fight recklessly!
You see here 9 gold pieces.
The rat attacks as it pursues you! You block the rat's attack.
The quokka barely misses you. The quokka attacks as it pursues you!
The quokka bites you but does no damage.
The rat attacks as it pursues you! The rat barely misses you.
The goblin hits you with a +0 club.
You are too injured to fight recklessly!
You are too injured to fight recklessly!
You are too injured to fight recklessly!
You are too injured to fight recklessly!
You are too injured to fight recklessly!
You closely miss the goblin. The goblin hits you with a +0 club.
* * * LOW HITPOINT WARNING * * *
You puncture the goblin!
You kill the goblin!
The rat bites you.
* * * LOW HITPOINT WARNING * * *
You have reached level 2!
Your demonic ancestry asserts itself...
You begin to emit a foul stench of rot and decay.
You puncture the rat!
You kill the rat!
The quokka barely misses you.
You hit the quokka.
The quokka is moderately wounded.
The quokka bites you.
You die...

..# ########...######.
## #.#######. ##
#########...############
........................
#.................#####
###..................###
.............##...†.....
###.##.####.##....##.#.
####.##@# #.#####.##.#.
##.....#r# #.# #.##...
##........# #.# #....##
#.........# ... ####...
##......$..# ... ###.
...........# ... #.
...........# #.
.....†.....# ..
..#..........


You could see a quokka.

Vanquished Creatures
  A bat (D:1)
  An endoplasm (D:1)
  A goblin (D:1)
  3 ball pythons (D:1)
  A kobold (D:1)
  2 rats (D:1)
9 creatures vanquished.

Notes
Turn   | Place    | Note
-------+----------+-------------------------------------------
     0 | D:1      | TheGamechu the Demonspawn Fighter began the quest for the
                  | Orb.
     0 | D:1      | Reached XP level 1. HP: 18/18 MP: 1/1
   112 | D:1      | Gained mutation: You may rarely emit foul miasma when
                  | damaged in melee. [demonic ancestry]
   112 | D:1      | Reached XP level 2. HP: 2/24 MP: 2/2
   113 | D:1      | Slain by a quokka

Illustrated notes

Levels and vault maps discovered:
D:1:      dpeg_arrival_subterranean_lakeside_camping, layout_rooms,
          shapermc_ecumenical_altar_starsandcircs

Skill      XL: |  1 |
---------------+----+-----
Polearms       | 2 |  2.0
Fighting       | |  3.1
Armour         | |  2.8
Shields        | |  2.8

Action                     || total
---------------------------++-------
  Melee: Trident           ||    26
 Armour: Scale mail        ||    21
  Dodge: Dodged            ||    15
  Block: Buckler           ||     2

Table legend: (Time is in decaauts)
 A = Elapsed time spent in this place.
 B = Non-inter-level travel time spent in this place.
 C = Inter-level travel time spent in this place.
 D = Time resting spent in this place.
 E = Time spent auto-exploring this place.
 F = Levels seen in this place.
 G = Mean time per level.
                   A        B        C        D        E       F      G
               +--------+--------+--------+--------+--------+-----+--------+
         Total |    119 |    119 |      0 |      0 |     67 |   1 |  119.0 |
       Dungeon |    119 |    119 |      0 |      0 |     67 |   1 |  119.0 |
               +--------+--------+--------+--------+--------+-----+--------+

Top non-repeatable levels by time:
     D:1: 119 daAuts
